 Dungeon Crawl Stone Soup version 0.30-a0-723-gc1506a1cf0 (webtiles) character file.

Game seed: 11360976007904986903

1130 PriceMaster the Conjurer (level 8, -1/48 HPs)
             Began as an Octopode Conjurer on Jan 28, 2023.
             Slain by a wraith (9 damage)
             ... in an ossuary.
             The game lasted 00:22:14 (5717 turns).

PriceMaster the Conjurer (Octopode Conjurer)        Turns: 5717, Time: 00:22:15

Health: -1/48      AC:  8    Str:  7    XL:     8   Next: 36%
Magic:  11/14      EV: 17    Int: 22    God:
Gold:   185        SH:  7    Dex: 11    Spells: 10/16 levels left

rFire   . . .      SeeInvis .    d - +1 short sword (protect)
rCold   . . .      Faith    .    h - +0 kite shield
rNeg    . . .      Spirit   .    (helmet restricted)
rPois   .          Reflect  .    (no amulet)
rElec   .          Harm     .    r - +5 ring of evasion
rCorr   .          Rampage  .    s - +1 ring of strength
Will    .....                    (no ring)
Stlth   +++                      (no ring)
HPRegen 0.28/turn                (no ring)
MPRegen 0.14/turn                (no ring)
                                 (no ring)
                                 (no ring)

@: under a protective aura, slowed, very slow
A: almost no armour, amphibious, 8 rings, camouflage 1, gelatinous body 1,
(nimble swimmer 1), tentacles
a: no special abilities


You were in an ossuary.
You visited 1 branch of the dungeon, and saw 5 of its levels.
You also visited: Ossuary.

You collected 213 gold pieces.
You spent 28 gold pieces at shops.

Inventory:

Hand Weapons
 d - a +1 short sword of protection (weapon)
 g - a +0 dagger
 k - a +0 short sword
Missiles
 q - 6 boomerangs
Armour
 c - a +0 pair of boots
 h - a +0 kite shield (worn)
Jewellery
 r - a +5 ring of evasion (left tentacle)
 s - a +1 ring of strength (right tentacle)
Wands
 i - a wand of digging (4)
Scrolls
 b - a scroll of poison
 e - a scroll of magic mapping
 j - 2 scrolls of amnesia
 n - a scroll of immolation
 o - a scroll of enchant weapon
 p - a scroll of identify
Potions
 a - a potion of haste {unknown}
 f - 2 potions of lignification {unknown}
 l - a potion of brilliance
 m - 2 potions of might {unknown}


   Skills:
 + Level 1.5 Fighting
 + Level 2.3 Short Blades
 + Level 4.0 Dodging
 + Level 4.1 Stealth
 + Level 1.5 Shields
 + Level 4.5 Spellcasting
 * Level 7.4 Conjurations
 + Level 0.5 Evocations


You had 10 spell levels left.
You knew the following spells:

 Your Spells              Type           Power      Damage    Failure   Level
a - Magic Dart            Conj           100%       1d8       1%          1
b - Searing Ray           Conj           74%        2d7       2%          2
c - Dazzling Flash        Conj/Hex       42%        N/A       22%         3

Your spell library contained the following spells:

 Spells                   Type           Power      Damage    Failure   Level
 Apportation              Tloc           8%         N/A       34%         1
 Beastly Appendage        Tmut           8%         N/A       34%         1
 Mephitic Cloud           Conj/Pois/Air  15%        N/A       36%         3
 Call Imp                 Summ           4%         N/A       47%         2
 Wereblood                Tmut           4%         N/A       47%         2
 Fulminant Prism          Conj/Hex       10%        3d8       58%         4
 Iskenderun's Mystic Bla  Conj/Tloc      21%        2d6       58%         4
 Call Canine Familiar     Summ           4%         N/A       71%         3
 Ignite Poison            Fire/Tmut/Pois 4%         N/A       71%         3
 Kindle Blastsparks       Fire/Tloc/Air  8%         2d10      71%         3
 Ozocubu's Armour         Ice            4%         N/A       71%         3
 Portal Projectile        Hex/Tloc       8%         N/A       71%         3
 Spider Form              Tmut/Pois      4%         N/A       71%         3
 Leda's Liquefaction      Hex/Erth       2%         N/A       98%         4
 Freezing Cloud           Conj/Ice/Air   7%         6-21      98%         5
 Alistair's Intoxication  Tmut/Pois      2%         N/A       100%        5
 Metabolic Englaciation   Hex/Ice        2%         N/A       100%        5
 Simulacrum               Ice/Necr       2%         N/A       100%        6


Dungeon Overview and Level Annotations

Branches:
Dungeon (5/15)            Ossuary (1/1)
 Temple: D:4-7

Altars:

Shops:
D:3 =


Innate Abilities, Weirdness & Mutations

You cannot wear most types of armour.
You are amphibious.
You can wear up to eight rings at the same time.
Your skin changes colour to match your surroundings (Stealth+).
Your rubbery body absorbs attacks. (AC +1, EV +1)
((You are camouflaged when in or above water. (Stealth+)))
You have tentacles for arms and can constrict up to eight enemies at once.


Message History

Confirm with . or Enter, or press ? or * to list all spells.
Restarting spell: Searing Ray (safe; 2% risk of failure)
Press: ? - help, Shift-Dir - straight line, f/p - wraith
Aim: a wraith (heavily damaged, 81% to hit)
The searing ray misses the wraith. (Press . to maintain the ray.)
The wraith barely misses you.
You barely miss the wraith.
The wraith is heavily damaged.
The wraith hits you! The wraith drains your vigour!
You feel yourself slow down.
You hit the wraith but do no damage.
Your weapon exudes an aura of protection.
The wraith is heavily damaged.
The wraith misses you. The wraith hits you.
You hit the wraith but do no damage.
You squeeze the wraith, but do no damage.
The wraith is moderately damaged.
The wraith barely misses you. The wraith misses you.
You closely miss the wraith.
The wraith is moderately damaged.
The wraith completely misses you.
You hit the wraith. Your squeeze misses the wraith.
The wraith is heavily damaged.
You block the wraith's attack. The wraith completely misses you.
You hit the wraith.
The wraith is heavily damaged.
You feel yourself speed up. The wraith closely misses you. The wraith hits you.
The wraith drains your vigour!
You feel yourself slow down.
You closely miss the wraith.
The wraith is heavily damaged.
The wraith hits you!
* * * LOW HITPOINT WARNING * * *
The wraith drains your vigour!
You feel as though you will be slow longer.
You hit the wraith but do no damage.
The wraith is heavily damaged.
The wraith hits you!
You die...

##.....##...............
##...###.............#.
##.## #..####.......#
### #..#.'....8...# #W#
#..####.......# ###
#...............
#........#.#..#.
#..####..#+#..# #.
#!W@..# .# ####..#
...... ........
#########


You could see a wraith.

Vanquished Creatures
  Sigmund (D:4)
  2 black bears
  A centaur (D:4)
  A phantom (D:4)
  A bullfrog (D:4)
  A necrophage (D:4)
  A scorpion (D:5)
  4 hounds (D:4)
  Jessica (D:2)
  An orc wizard (D:3)
  A mummy (D:5)
  8 gnolls
  9 adders
  A shadow imp (D:5)
  4 dart slugs
  6 orcs
  7 bats
  8 endoplasms
  A giant cockroach (D:2)
  6 goblins
  5 hobgoblins
  A jackal (D:1)
  7 kobolds
  4 quokkas
  7 ball pythons
  2 frilled lizards
  3 goblin zombies (Ossuary)
  A hobgoblin zombie (Ossuary)
  2 kobold zombies (Ossuary)
  9 rats
106 creatures vanquished.

Vanquished Creatures (others)
  An orc (D:3)
  A bat (D:2)
  2 plants (D:3)
4 creatures vanquished.

Grand Total: 110 creatures vanquished

Notes
Turn   | Place    | Note
-------+----------+-------------------------------------------
     0 | D:1      | PriceMaster the Octopode Conjurer began the quest for the
                  | Orb.
     0 | D:1      | Reached XP level 1. HP: 11/11 MP: 3/3
   202 | D:1      | Reached XP level 2. HP: 13/17 MP: 0/5
   442 | D:1      | Reached XP level 3. HP: 21/21 MP: 3/6
  1155 | D:2      | Noticed Jessica
  1158 | D:2      | Killed Jessica
  1159 | D:2      | Reached skill level 5 in Conjurations
  1159 | D:2      | Reached XP level 4. HP: 27/27 MP: 3/7
  1164 | D:2      | Learned a level 2 spell: Searing Ray
  1533 | D:2      | Found a faded altar of an unknown god.
  2300 | D:3      | Reached XP level 5. HP: 32/32 MP: 0/8
  2558 | D:3      | Reached skill level 1 in Short Blades
  2696 | D:3      | Found Opnidgh's One-of-a-Kind Rings.
  2704 | D:3      | Bought a +1 ring of strength for 28 gold pieces
  3560 | D:4      | Noticed Sigmund
  3581 | D:4      | Reached skill level 6 in Conjurations
  3581 | D:4      | Reached XP level 6. HP: 35/37 MP: 2/10
  3609 | D:4      | Killed Sigmund
  3610 | D:4      | Reached skill level 1 in Fighting
  3845 | D:4      | Reached XP level 7. HP: 22/43 MP: 2/12
  3961 | D:4      | Reached skill level 1 in Shields
  4316 | D:4      | Reached skill level 7 in Conjurations
  4316 | D:4      | Reached XP level 8. HP: 31/48 MP: 1/14
  5254 | D:5      | Entered Level 5 of the Dungeon
  5343 | D:5      | Found a sand-covered staircase.
  5359 | Ossuary  | Entered an ossuary
  5359 | Ossuary  | Noticed a wraith
  5359 | Ossuary  | Noticed a wraith
  5359 | Ossuary  | Noticed a wraith
  5611 | Ossuary  | Learned a level 3 spell: Dazzling Flash
  5692 | Ossuary  | Noticed a wraith
  5717 | Ossuary  | Slain by a wraith

Illustrated notes

Levels and vault maps discovered:
D:1:      dpeg_cavernosity, layout_basic, minmay_misc_feat_pillars
D:2:      layout_basic, chequers_ecumenical_altar_simple_redux,
          chequers_serial_rivers_micro_d, kennysheep_generic_room_9,
          uniq_jessica
D:3:      layout_loops_ring, nicolae_shop_unique_rings,
          minmay_misc_feat_hallway, serial_bayou_crossing
D:4:      layout_loops_ring, uniq_sigmund
D:5:      layout_basic, gup_ossuary_entry_pyramid, roderic_serpentine_path
Ossuary:  ossuary_kennysheep_city_of_the_dead

Skill      XL: |  1  2  3  4  5  6  7  8 |
---------------+-------------------------+-----
Conjurations   | 5 6 7 |  7.4
Stealth        | 3 4 |  4.1
Short Blades   | 1 2 |  2.3
Fighting       | 1 |  1.5
Dodging        | 3 4 |  4.0
Spellcasting   | 3 4 |  4.5
Shields        | 1 |  1.5
Evocations     | |  0.5

Action                     |  1- 3 |  4- 6 |  7- 9 || total
---------------------------+-------+-------+-------++-------
  Melee: Unarmed           |     5 |       |       ||     5
         Constrict         |     6 |     7 |     5 ||    18
         Tentacles         |     3 |     7 |    11 ||    21
         Short sword       |    22 |    56 |    52 ||   130
   Cast: Magic Dart        |    34 |    79 |    57 ||   170
         Searing Ray       |       |    23 |    34 ||    57
         Dazzling Flash    |       |       |     1 ||     1
  Evoke: Wand              |       |     1 |     1 ||     2
    Use: Scroll            |     3 |     7 |     1 ||    11
         Potion            |       |     8 |     2 ||    10
   Stab: Sleeping          |     1 |       |       ||     1
         Invisible         |       |     1 |       ||     1
 Armour: Skin              |     2 |     6 |    11 ||    19
  Dodge: Dodged            |    20 |    42 |    56 ||   118
  Block: Kite shield       |     9 |    13 |    26 ||    48

Table legend: (Time is in decaauts)
 A = Elapsed time spent in this place.
 B = Non-inter-level travel time spent in this place.
 C = Inter-level travel time spent in this place.
 D = Time resting spent in this place.
 E = Time spent auto-exploring this place.
 F = Levels seen in this place.
 G = Mean time per level.
                   A        B        C        D        E       F      G
               +--------+--------+--------+--------+--------+-----+--------+
         Total |   5733 |   5464 |    269 |   1146 |   3201 |   6 |  955.5 |
       Dungeon |   5371 |   5102 |    269 |    923 |   3131 |   5 | 1074.2 |
       Ossuary |    362 |    362 |      0 |    223 |     70 |   1 |  362.0 |
               +--------+--------+--------+--------+--------+-----+--------+

Top non-repeatable levels by time:
     D:4: 1700 daAuts
     D:3: 1269 daAuts
     D:2: 1166 daAuts
     D:1: 1129 daAuts
 Ossuary: 362 daAuts
     D:5: 105 daAuts
